 Dungeon Crawl Stone Soup version 0.29-a0-409-gd843f3a (webtiles) character file.

Game seed: 878895040440511377

18488 Illumine the Nimble (level 12, 0/66 HPs)
             Began as a Spriggan Hunter on May 13, 2022.
             Was an Initiate of Gozag.
             Hit by a javelin thrown by Urug (14 damage)
             ... on level 12 of the Dungeon.
             The game lasted 00:30:36 (19453 turns).

Illumine the Nimble (Spriggan Hunter)              Turns: 19453, Time: 00:30:36

Health: 0/66       AC:  5    Str:  7    XL:     12   Next: 28%
Magic:  13/13      EV: 36    Int: 11    God:    Gozag
Gold:   620        SH:  0    Dex: 33    Spells: 11/11 levels left

rFire   + . .      SeeInvis +   a - +1 hand crossbow
rCold   . . .      Faith    .   (no shield)
rNeg    + . .      Spirit   .   A - +1 robe "Acupn" {*Corrode rPois Dex+4}
rPois   +          Reflect  .   p - +2 hat
rElec   .          Harm     .   (no cloak)
rCorr   .          Rampage  .   (gloves unavailable)
Will    +++++                   (boots unavailable)
Stlth   ++++......              (no amulet)
HPRegen 0.21/turn               M - ring "Dujopieh" {rF+ Slay+4}
MPRegen 0.13/turn               H - ring "Kurhuif" {Contam rPois rN+ Will+++ Dex+6}

@: very quick
A: very small, no large weapons, unfitting armour, see invisible, speed 3
a: Renounce Religion, Potion Petition, Call Merchant, Bribe Branch


You were on level 12 of the Dungeon.
You worshipped Gozag.
Gozag was pleased with you.
You visited 2 branches of the dungeon, and saw 15 of its levels.

You collected 2751 gold pieces.
You spent 1414 gold pieces at shops.
You paid 717 gold pieces to Gozag.

Inventory:

Hand Weapons
 a - a +1 hand crossbow (weapon)
 b - a +1 falchion of electrocution
 B - a +1 dagger of draining
 J - a +1 scimitar of flaming
Missiles
 s - a throwing net
Armour
 p - a +2 hat (worn)
 A - the +1 robe "Acupn" (worn) {*Corrode rPois Dex+4}
   (You took it off an orc on level 7 of the Dungeon)

   Dex:       It affects your dexterity (+4).
   rPois:     It protects you from poison.
   *Corrode:  It may corrode you when you take damage.
 C - a +2 robe of willpower
Jewellery
 f - a +4 ring of evasion
 y - a ring of protection from fire
 H - the ring "Kurhuif" (right hand) {Contam rPois rN+ Will+++ Dex+6}
   (You bought it in a shop on level 8 of the Dungeon)

   [ring of positive energy]

   Dex:       It affects your dexterity (+6).
   rPois:     It protects you from poison.
   rN:        It protects you from negative energy.
   Contam:    It causes magical contamination when unequipped.
   Will:      It greatly increases your willpower.
 L - a ring of fire
 M - the ring "Dujopieh" (left hand) {rF+ Slay+4}
   (You bought it in a shop on level 8 of the Dungeon)

   [ring of slaying]

   Slay:      It affects your accuracy & damage with ranged weapons and melee
   (+4).
   rF:        It protects you from fire.
Wands
 o - a wand of flame (8)
 u - a wand of charming (7)
 w - a wand of paralysis (7)
 D - a wand of iceblast (9)
 I - a wand of mindburst (2)
Scrolls
 c - 5 scrolls of immolation
 h - 3 scrolls of enchant weapon
 i - 3 scrolls of fog
 j - 3 scrolls of teleportation
 l - 2 scrolls of amnesia
 n - 2 scrolls of summoning
 q - 6 scrolls of magic mapping
 x - a scroll of vulnerability
 F - 2 scrolls of enchant armour
 G - a scroll of brand weapon {unknown}
 O - a scroll of acquirement {unknown}
 P - a scroll of identify
 Q - a scroll of poison {unknown}
 R - a scroll of blinking {unknown}
Potions
 d - 3 potions of flight
 e - a potion of ambrosia {unknown}
 g - 3 potions of lignification
 k - 6 potions of attraction
 m - a potion of haste {unknown}
 r - 2 potions of curing
 t - a potion of might {unknown}
 v - 2 potions of cancellation {unknown}
 z - a potion of heal wounds {unknown}
 E - 2 potions of brilliance {unknown}
 K - 2 potions of magic {unknown}
 N - 2 potions of invisibility {unknown}


   Skills:
 + Level 9.1 Fighting
 + Level 7.1 Long Blades
 - Level 10.5 Crossbows
 + Level 12.6 Dodging
 - Level 4.0 Stealth
 + Level 8.9 Evocations


You had 11 spell levels left.
You didn't know any spells.
Your spell library contained the following spells:

 Spells                   Type           Power      Damage    Failure   Level
 Static Discharge         Conj/Air       0%         N/A       47%         2
 Lightning Bolt           Conj/Air       0%         1d11      100%        5
 Maxwell's Capacitive Co  Air            0%         ∞         100%        8


Dungeon Overview and Level Annotations

Branches:
Dungeon (12/15)            Temple (0/1) D:4            Lair (3/6) D:11
  Snake (0/4) Lair:2          Orc (0/2) D:12
  Swamp: Lair:2-4    Shoals: Lair:2-4

Altars:
Ashenzari
Cheibriados
Gozag
Nemelex Xobeh
Qazlal
Wu Jian
Zin
The Shining One

Shops:
D:7 [   D:8 =

Annotations:
D:5 1 runed translucent door, Dega's ghost, novice SpHu
D:12 Urug
Lair:2 Amaemon


Innate Abilities, Weirdness & Mutations

You are very small and have problems with some larger weapons.
You are too small for most types of armour.
You have supernaturally acute eyesight. (SInv)
You cover ground extremely quickly. (Speed+++)


Message History

You shoot a bolt. The bolt hits Urug.
Urug is moderately wounded.
Urug throws a javelin.
The javelin barely misses you.
You shoot a bolt. The bolt closely misses Urug.
Urug throws a javelin.
The javelin misses you.
You shoot a bolt. The bolt hits Urug.
Urug is heavily wounded.
You shoot a bolt. The bolt hits Urug.
Urug is heavily wounded.
You shoot a bolt. The bolt hits Urug.
Urug is severely wounded.
Urug hits you with a +0 long sword!!
You shoot a bolt. The bolt hits Urug!
Urug is almost dead.
Urug screams, "Payback for my eye!"
Urug hits you with a +0 long sword!
You are too injured to fight recklessly!
You are too injured to fight recklessly!
Urug misses you.
Shoot: a) +1 hand crossbow
Press: ? - help, Q - select action, (/) - cycle Shift-Dir - straight line, f/p - Urug
Aim: Urug, wielding a +0 long sword, wearing a +0 scale mail and quivering javelins (almost dead, 73% to hit)
You shoot a bolt. The bolt hits Urug.
Urug is almost dead.
Urug throws a javelin.
The javelin misses you.
Shoot: a) +1 hand crossbow
Press: ? - help, Q - select action, (/) - cycle Shift-Dir - straight line, f/p - Urug
Aim: Urug, wielding a +0 long sword, wearing a +0 scale mail and quivering javelins (almost dead, 73% to hit)
You shoot a bolt. The bolt hits Urug.
Urug is almost dead.
Shoot: a) +1 hand crossbow
Press: ? - help, Q - select action, (/) - cycle Shift-Dir - straight line, f/p - Urug
Aim: Urug, wielding a +0 long sword, wearing a +0 scale mail and quivering javelins (almost dead, 73% to hit)
You shoot a bolt. The bolt closely misses Urug.
Urug hits you with a +0 long sword!
Urug throws a javelin.
The javelin pierces through you!
* * * LOW HITPOINT WARNING * * *
Urug throws a javelin.
The javelin pierces through you!
You die...
Your body crumbles into a pile of gold.

#.# #.............# #.#
#.............# #)#
#.............#
#.##########
#####...#######
#..........# ######..##
####..###..# #....).##
#..# #o.###.####.########
#..###..##...............
#).......@..##.....######
#)..##..##.###....##
#.).....##.###.#.##
##>.##.###.....#.#
#.....# #######.# ##.####
#+# #.. ###^ ..


You could see Urug.

Vanquished Creatures
  A boulder beetle (D:11)
  Erica (D:10)
  A hydra (Lair:1)
  3 two-headed ogres
  A gargoyle (D:12)
  A komodo dragon (Lair:1)
  A kobold demonologist (D:10)
  3 trolls
  A hornet (D:9)
  3 meliai (D:12)
  3 wraiths
  2 wyverns
  34 yaks
  2 basilisks (Lair:2)
  9 vampire mosquitoes
  A steam dragon (D:9)
  3 acid dragons
  2 wargs
  3 water moccasins (Lair:1)
  3 sky beasts (D:6)
  2 ice beasts
  A black bear (D:7)
  7 orc warriors
  3 centaurs
  3 ogres
  3 kobold brigands
  Blork the orc (D:6)
  A bullfrog (D:4)
  2 scorpions
  A necrophage (D:8)
  10 wights (D:8)
  9 killer bees
  2 electric eels (Lair:1)
  8 howler monkeys
  A hound (D:5)
  2 jellies
  13 orc priests
  A gnoll shaman (D:8)
  3 iguanas (D:6)
  7 orc wizards
  9 gnolls
  12 adders
  2 shadow imps
  A white imp (D:6)
  2 ufetubi (D:6)
  6 worms
  4 dart slugs
  43 orcs
  8 ball pythons
  9 bats
  13 endoplasms
  5 giant cockroaches
  9 hobgoblins
  10 jackals
  6 quokkas
  7 frilled lizards
  7 goblins
  26 kobolds
  4 rats
341 creatures vanquished.

Vanquished Creatures (others)
  8 fungi (Lair:1)
  11 plants (Lair:1)
19 creatures vanquished.

Grand Total: 360 creatures vanquished

Notes
Turn   | Place    | Note
-------+----------+-------------------------------------------
     0 | D:1      | Illumine the Spriggan Hunter began the quest for the Orb.
     0 | D:1      | Reached XP level 1. HP: 10/10 MP: 2/2
   240 | D:1      | Reached XP level 2. HP: 14/14 MP: 3/3
   438 | D:1      | Reached XP level 3. HP: 18/18 MP: 4/4
   986 | D:2      | Reached skill level 3 in Dodging
  1216 | D:2      | Reached XP level 4. HP: 22/22 MP: 5/5
  1539 | D:3      | Reached skill level 5 in Crossbows
  1989 | D:3      | Reached XP level 5. HP: 24/26 MP: 6/6
  2104 | D:3      | Found an opulent altar of Gozag.
  2104 | D:3      | Found a sparkling altar of Nemelex Xobeh.
  2116 | D:3      | Became a worshipper of Gozag Ym Sagoz the Greedy
  2691 | D:4      | Found a staircase to the Ecumenical Temple.
  2732 | D:4      | Found a glowing golden altar of the Shining One.
  2757 | D:4      | Reached skill level 1 in Long Blades
  2757 | D:4      | Reached skill level 4 in Dodging
  3166 | D:4      | Reached XP level 6. HP: 25/30 MP: 7/7
  3453 | D:5      | Entered Level 5 of the Dungeon
  3531 | D:5      | Found a runed translucent door.
  3544 | D:5      | Noticed Dega's ghost (novice SpHu)
  3984 | D:5      | Reached XP level 7. HP: 35/35 MP: 8/8
  4026 | D:5      | Reached skill level 5 in Dodging
  5140 | D:6      | Noticed Blork the orc
  5156 | D:6      | Killed Blork the orc
  5416 | D:6      | Reached XP level 8. HP: 23/40 MP: 9/9
  5553 | D:6      | Found a snail-covered altar of Cheibriados.
  5586 | D:6      | Reached skill level 6 in Dodging
  6969 | D:7      | Found Recholen's Antique Armour Emporium.
  6972 | D:7      | Identified the +1 robe "Acupn" {*Corrode rPois Dex+4}
  7014 | D:7      | HP: 1/42 [orc warrior/+0 hand axe (8)]
  7299 | D:6      | HP: 2/42 [killer bee (7)]
  7301 | D:6      | Reached skill level 7 in Dodging
  7696 | D:6      | Reached XP level 9. HP: 27/45 MP: 10/10
  9412 | D:8      | You fall into a shaft and drop 3 floors!
  9441 | D:10     | Entered Level 10 of the Dungeon
  9543 | D:8      | Reached skill level 8 in Dodging
  9842 | D:8      | Reached skill level 5 in Fighting
 10065 | D:8      | Found a glowing silver altar of Zin.
 10193 | D:8      | Reached skill level 10 in Crossbows
 10462 | D:8      | Bought the ring "Kurhuif" {Contam rPois rN+ Will+++ Dex+6}
                  | for 494 gold pieces
 11264 | D:9      | Reached skill level 9 in Dodging
 11269 | D:9      | Reached XP level 10. HP: 44/51 MP: 11/11
 11374 | D:9      | HP: 2/51 [acid dragon/splash of acid (12)]
 11849 | D:9      | Reached skill level 1 in Evocations
 12443 | D:10     | Noticed a two-headed ogre
 12477 | D:9      | Killed a two-headed ogre
 12791 | D:10     | Noticed a soul eater
 12895 | D:10     | Reached skill level 10 in Dodging
 13206 | D:10     | Noticed Erica
 13239 | D:10     | Killed Erica
 13240 | D:10     | Reached skill level 5 in Long Blades
 13344 | D:10     | Reached skill level 5 in Evocations
 13964 | D:10     | Reached XP level 11. HP: 46/58 MP: 12/12
 14075 | D:10     | Found a broken altar of Ashenzari.
 14077 | D:10     | Found an ornate altar of the Wu Jian Council.
 14826 | D:11     | Noticed a boulder beetle
 14895 | D:11     | Found a staircase to the Lair.
 14911 | D:10     | Reached skill level 11 in Dodging
 14970 | Lair:1   | Entered Level 1 of the Lair of Beasts
 16235 | D:8      | Bought the ring "Dujopieh" {rF+ Slay+4} for 920 gold pieces
 16289 | Lair:1   | Noticed a six-headed hydra
 16329 | Lair:1   | Killed a six-headed hydra
 17011 | Lair:1   | Reached skill level 12 in Dodging
 17367 | Lair:2   | Noticed a catoblepas
 17397 | Lair:2   | Noticed Amaemon
 17444 | Lair:2   | Found a stormy altar of Qazlal.
 17451 | Lair:2   | Found a staircase to the Snake Pit.
 17465 | Lair:3   | Noticed a four-headed hydra
 18193 | D:11     | Killed a boulder beetle
 18194 | D:11     | Reached XP level 12. HP: 54/65 MP: 13/13
 18534 | D:11     | Noticed a two-headed ogre
 18549 | D:11     | Killed a two-headed ogre
 18683 | D:11     | Noticed a two-headed ogre
 18695 | D:11     | Killed a two-headed ogre
 18885 | D:12     | Found a staircase to the Orcish Mines.
 19415 | D:12     | Noticed Urug
 19453 | D:12     | Hit by a javelin thrown by Urug

Illustrated notes

Levels and vault maps discovered:
D:1:      scummos_arrival_gate, layout_loops_corners,
          chequers_serial_rivers_micro_a
D:2:      layout_rooms
D:3:      minmay_inner_zag, layout_basic, grunt_temple_overflow_opulence
D:4:      layout_gridville, mainiacjoe_overflow_alcove_1,
          minmay_temple_entry_glassed_door, serial_bayou_lagoon_a
D:5:      layout_cave_pods, ebering_ghost_sewer_d
D:6:      layout_cave_pods, kennysheep_slug_shrine, uniq_blork_the_orc
D:7:      hellmonk_destroyed_diamonds, layout_loops_ring, serial_shops,
          nicolae_shop_temple_entry_statues_fountains
D:8:      layout_loops_ring, lemuel_doored_altar, minmay_misc_feat_hallway
D:9:      layout_gridville, minmay_crystal_room
D:10:     layout_basic, jmf_multi_god_temple, uniq_erica
D:11:     layout_long_grid, erik_lair_orcish_takeover
D:12:     layout_loops_corners, david_orc_3, gammafunk_ghost_hydra_chop,
          minmay_misc_feat_square, uniq_urug
Lair:1:   layout_loops_ring, serial_bayou_ford_a, grunt_megastairs_2
Lair:2:   layout_cave_shapes, minmay_snake_entry_spellcaster, basic_altar,
          uniq_amaemon, uniq_fannar
Lair:3:   layout_misc_corridors, swamp_mist

Skill      XL: |  1  2  3  4  5  6  7  8  9 10 11 12 |
---------------+-------------------------------------+-----
Stealth        | 2 3 4 |  4.0
Dodging        | 3 4 5 7 9 10 12 | 12.6
Crossbows      | 5 6 7 8 10 | 10.5
Fighting       | 2 3 4 5 6 8 9 |  9.1
Long Blades    | 1 2 3 4 5 6 7 |  7.1
Evocations     | 5 8 |  8.9

Action                   |  1- 3 |  4- 6 |  7- 9 | 10-12 || total
-------------------------+-------+-------+-------+-------++-------
Melee: Falchion          |       |     6 |   150 |    36 ||   192
       Punch             |       |       |     3 |     2 ||     5
 Fire: Hand crossbow     |   107 |   185 |   465 |   779 ||  1536
Invok: Call Merchant     |       |       |     1 |       ||     1
Evoke: Wand              |       |       |     1 |       ||     1
  Use: Scroll            |       |       |    13 |     2 ||    15
       Potion            |       |       |     3 |     1 ||     4
 Stab: Sleeping          |       |       |     1 |       ||     1
       Distracted        |       |       |     2 |       ||     2
Armor: Robe              |     2 |     2 |    27 |    14 ||    45
Dodge: Dodged            |    34 |    36 |   343 |   432 ||   845

Table legend: (Time is in decaauts)
 A = Elapsed time spent in this place.
 B = Non-inter-level travel time spent in this place.
 C = Inter-level travel time spent in this place.
 D = Time resting spent in this place.
 E = Time spent auto-exploring this place.
 F = Levels seen in this place.
 G = Mean time per level.
                   A        B        C        D        E       F      G
               +--------+--------+--------+--------+--------+-----+--------+
         Total |  15442 |  14877 |    565 |   3872 |   7483 |  15 | 1029.5 |
       Dungeon |  13891 |  13416 |    475 |   3450 |   6879 |  12 | 1157.6 |
          Lair |   1550 |   1461 |     89 |    422 |    603 |   3 |  516.7 |
               +--------+--------+--------+--------+--------+-----+--------+

Top non-repeatable levels by time:
     D:6: 2212 daAuts
    D:10: 1694 daAuts
     D:8: 1647 daAuts
    D:11: 1620 daAuts
     D:7: 1557 daAuts
  Lair:1: 1493 daAuts
     D:9: 1172 daAuts
     D:5: 965 daAuts
     D:3: 788 daAuts
     D:1: 681 daAuts
     D:4: 618 daAuts
    D:12: 538 daAuts
     D:2: 395 daAuts
  Lair:2: 55 daAuts
  Lair:3: 1 daAuts
